 Dungeon Crawl Stone Soup version 0.29.1-13-g9f3cf754e1 (webtiles) character file.

Game seed: 4868302045379399008

186 warriortoast the Covered (level 5, -1/43 HPs)
             Began as a Barachi Fighter on Jan 20, 2023.
             Slain by a goblin
             ... wielding a +0 club
             ... led by Robin
              (3 damage)
             ... on level 2 of the Dungeon.
             The game lasted 00:07:11 (3521 turns).

warriortoast the Covered (Barachi Fighter)          Turns: 3521, Time: 00:07:12

Health: -1/43      AC:  8    Str: 17    XL:     5   Next: 66%
Magic:  5/5        EV:  9    Int: 10    God:
Gold:   127        SH:  5    Dex: 12    Spells: 4/4 levels left

rFire   . . .      SeeInvis .   a - +0 long sword
rCold   . . .      Faith    .   c - +0 buckler
rNeg    . . .      Spirit   .   b - +0 scale mail
rPois   .          Reflect  .   t - +0 helmet
rElec   .          Harm     .   (no cloak)
rCorr   .          Rampage  .   (no gloves)
Will    .....                   (no boots)
Stlth   ..........              g - amulet of magic regeneration
HPRegen 0.14/turn               (no ring)
MPRegen 0.49/turn               (no ring)

@: mighty, unable to hop, slow
A: amphibious, slowness 1, strong legs 1, +LOS
a: Hop


You were on level 2 of the Dungeon.
You visited 1 branch of the dungeon, and saw 4 of its levels.

You collected 127 gold pieces.

Inventory:

Hand Weapons
 a - a +0 long sword (weapon)
Missiles
 l - 2 throwing nets
 p - 5 poisoned darts (quivered)
Armour
 b - a +0 scale mail (worn)
 c - a +0 buckler (worn)
 r - the -2 pair of boots of the Eternal Void {rC++}
   (You found it on level 3 of the Dungeon)

   rC:        It greatly protects you from cold.
 t - a +0 helmet (worn)
Jewellery
 g - an amulet of magic regeneration (around neck)
 q - a ring of see invisible
Scrolls
 e - 5 scrolls of identify {unknown}
 f - a scroll of vulnerability {unknown}
 i - a scroll of brand weapon {unknown}
 k - a scroll of amnesia {unknown}
 n - a scroll of enchant armour {unknown}
 s - 2 scrolls of butterflies {unknown}
 u - a scroll of fear {unknown}
Potions
 h - 3 potions of curing {unknown}
 j - 3 potions of attraction {unknown}
 m - 2 potions of degeneration {unknown}
 o - a potion of invisibility {unknown}


   Skills:
 + Level 4.8 Fighting
 + Level 3.9 Long Blades
 + Level 4.9 Armour
 + Level 4.4 Shields


You had 4 spell levels left.
You didn't know any spells.
Your spell library was empty.

Dungeon Overview and Level Annotations

Branches:
Dungeon (4/15)
 Temple: D:4-7

Altars:
Cheibriados

Annotations:
D:3 Robin


Innate Abilities, Weirdness & Mutations

You are amphibious.
You cover ground slowly.
You can hop short distances.
You have an extended range of vision and can be seen from far away.


Message History

The goblin attacks as you move away!
The goblin unwields a +0 sling.
The goblin wields a +0 club.
You block the goblin's attack. The goblin attacks as you move away!
The goblin hits you with a +0 club. The goblin attacks as you move away!
The goblin hits you but does no damage. The goblin attacks as you move away!
The goblin closely misses you. The goblin attacks as you move away!
The goblin hits you with a +0 club. The goblin attacks as you move away!
The goblin closely misses you. The goblin attacks as you move away!
You block the goblin's attack. Robin throws the goblin at you!
The goblin hits you with a +0 club.
* * * LOW HITPOINT WARNING * * *
The goblin attacks as you move away! The goblin hits you with a +0 club.
* * * LOW HITPOINT WARNING * * *
The goblin hits you with a +0 club.
* * * LOW HITPOINT WARNING * * *
The goblin hits you but does no damage. x2
The goblin attacks as you move away! The goblin hits you with a +0 club.
* * * LOW HITPOINT WARNING * * *
The goblin unwields a +0 club.
The goblin wields a +0 sling.
The goblin shoots a sling bullet.
You block the sling bullet.
There is an escape hatch in the ceiling here.
The goblin hits you with a +0 club.
* * * LOW HITPOINT WARNING * * *
A mysterious force pulls you upwards. The hatch slams shut behind you.
You feel very mighty all of a sudden.
The goblin no longer looks unusually strong. x2
The goblin barely misses you. The goblin hits you but does no damage.
The goblin unwields a +0 sling.
The goblin wields a +0 club.
You block the goblin's attack.
You slash the goblin!
You kill the goblin!
The goblin hits you but does no damage. x2
You closely miss the goblin. The goblin barely misses you.
The goblin hits you but does no damage. You block the goblin's attack.
The goblin barely misses you.
You barely miss the goblin. The goblin barely misses you.
The goblin hits you but does no damage.
You slash the goblin!
You kill the goblin!
The goblin hits you with a +0 club.
You die...

........#.#..###)....# #.#
#.......#.#..# #.....# #.#
#............# ####### #.#
#............# ##.#
#...)...#.##.#### #..#
#.......#.......####### #.##
#.......####.##.......# #.#
######.#####.##g.####.# #.#
.##>.........##)@####.######.#
.##.#####.#####))#...........#
.##.# #.# #.#...##.########
)...# #.# ##.......# .##.# #.#
######### .##.#####.#
.##.......# ######.#### ##
#.##


You could see a goblin.

Vanquished Creatures
  An iron imp (D:3)
  Jessica (D:2)
  2 adders (D:2)
  4 gnolls
  A worm (D:4)
  3 dart slugs
  2 orcs (D:3)
  7 endoplasms
  3 giant cockroaches
  4 goblins
  5 hobgoblins
  7 jackals (D:1)
  A kobold (D:1)
  4 quokkas
  6 ball pythons
  6 bats
  4 frilled lizards
  6 rats
67 creatures vanquished.

Notes
Turn   | Place    | Note
-------+----------+-------------------------------------------
     0 | D:1      | warriortoast the Barachi Fighter began the quest for the
                  | Orb.
     0 | D:1      | Reached XP level 1. HP: 18/18 MP: 1/1
    62 | D:1      | Found a faded altar of an unknown god.
   192 | D:1      | Reached XP level 2. HP: 20/25 MP: 2/2
   502 | D:1      | Reached XP level 3. HP: 26/30 MP: 3/3
  1072 | D:2      | Noticed Jessica
  1085 | D:2      | Killed Jessica
  1086 | D:2      | Reached XP level 4. HP: 18/37 MP: 4/4
  1809 | D:2      | You fall into a shaft and drop 2 floors!
  2127 | D:2      | HP: 1/38 [gnoll/+0 flail (6)]
  2130 | D:2      | Reached XP level 5. HP: 1/43 MP: 5/5
  2838 | D:3      | Identified the -2 pair of boots of the Eternal Void {rC++}
  3188 | D:3      | Found a snail-covered altar of Cheibriados.
  3479 | D:4      | Noticed Robin
  3515 | D:3      | HP: 1/43 [goblin/+0 club[Robin] (4)]
  3521 | D:2      | Slain by a goblin

Illustrated notes

Levels and vault maps discovered:
D:1:      amcnicky_arrival_wind_blow, layout_basic,
          hellmonk_ecumenical_altar_blasted, chequers_serial_rivers_large_b,
          grunt_decor_arrowhead
D:2:      layout_loops_cross, uniq_jessica
D:3:      layout_basic, slow_altar_2, kennysheep_nondescript
D:4:      layout_rooms, kennysheep_pointless_box, uniq_robin

Skill      XL: |  1  2  3  4 |
---------------+-------------+-----
Fighting       | 4 |  4.8
Armour         | 4 |  4.9
Long Blades    | 3 |  3.9
Shields        | 4 |  4.4

Action                   |  1- 3 |  4- 6 || total
-------------------------+-------+-------++-------
Melee: Long sword        |    93 |    98 ||   191
Throw: Dart              |       |    36 ||    36
 Abil: Hop               |       |     1 ||     1
  Use: Potion            |       |     2 ||     2
Armor: Scale mail        |    50 |    50 ||   100
Dodge: Dodged            |    56 |    55 ||   111
Block: Buckler           |    33 |    31 ||    64
